 Dungeon Crawl Stone Soup version 0.30.0-5-g1a98f26d00 (webtiles) character file.

Game seed: 8816997984766796672

212 destino the Chopper (level 5, 0/47 HPs)
             Began as a Minotaur Monk on May 11, 2023.
             Was a Priest of Elyvilon.
             Slain by a bullfrog (2 damage)
             ... in a sewer.
             The game lasted 00:06:04 (2044 turns).

destino the Chopper (Minotaur Monk)                 Turns: 2044, Time: 00:06:05

Health: 0/47       AC:  2    Str: 18    XL:     5   Next: 58%
Magic:  4/4        EV: 13    Int:  7    God:    Elyvilon [***...]
Gold:   88         SH:  0    Dex: 12    Spells: 4/4 levels left

rFire   . . .        a - +1 hand axe
rCold   . . .        d - orb {light}
rNeg    . . .        b - +0 robe
rPois   .            (helmet restricted)
rElec   .            (no cloak)
rCorr   .            (no gloves)
SInv    .            (no boots)
Will    .....        (no amulet)
Stlth   +            (no ring)
HPRegen 0.27/turn    (no ring)
MPRegen 0.09/turn

%: no passive effects
@: lethally poisoned (0 -> -3), hasted, glowing, very quick
A: horns 2, retaliatory headbutt
a: Renounce Religion, Purification, Heal Other, Heal Self


You were in a sewer.
You worshipped Elyvilon.
Elyvilon was most pleased with you.
You visited 1 branch of the dungeon, and saw 3 of its levels.
You also visited: Sewer.

You collected 88 gold pieces.

Inventory:

Hand Weapons
 a - a +1 hand axe (weapon)
Missiles
 h - 6 poisoned darts
 i - 3 atropa-tipped darts (quivered)
Armour
 b - a +0 robe (worn)
 d - an orb of light (worn)
Scrolls
 e - a scroll of immolation {unknown}
 l - 3 scrolls of identify
 n - a scroll of enchant weapon
Potions
 c - a potion of ambrosia
 f - 4 potions of curing {unknown}
 g - a potion of brilliance {unknown}
 j - 3 potions of might {unknown}
 k - 2 potions of haste
 m - 2 potions of flight {unknown}


   Skills:
 + Level 4.7 Fighting
 * Level 5.6 Axes
 + Level 2.5 Armour
 + Level 4.2 Dodging


You had 4 spell levels left.
You didn't know any spells.
Your spell library contained the following spells:

 Spells                   Type           Power      Damage    Failure   Level
 Cigotuvi's Dreadful Rot  Necr/Pois/Air  0%         N/A       56%         2
 Poisonous Vapours        Pois/Air       0%         N/A       56%         2
 Sublimation of Blood     Necr           0%         N/A       56%         2
 Wereblood                Tmut           0%         N/A       56%         2
 Ignite Poison            Fire/Tmut/Pois 0%         N/A       80%         3
 Mephitic Cloud           Conj/Pois/Air  0%         N/A       80%         3
 Freezing Cloud           Conj/Ice/Air   0%         6-21      100%        5
 Summon Hydra             Summ           0%         N/A       100%        7


Dungeon Overview and Level Annotations

Branches:
Dungeon (3/15)              Sewer (1/1)

Altars:
Elyvilon

Shops:
D:3 (


Innate Abilities, Weirdness & Mutations

You have a pair of horns on your head.
You reflexively headbutt those who attack you in melee.


Message History

The adder attacks as you move away! The adder bites you.
The adder barely misses you. x2; You furiously retaliate!
You headbutt the adder!
The ball python hisses angrily.
You hit the adder.
You kill the adder!
You hit the adder. You closely miss the adder. The adder closely misses you.
The adder barely misses you. You furiously retaliate!
You headbutt the adder. The bullfrog hits you.
The adder bites you but does no damage. The adder closely misses you.
You furiously retaliate!
You headbutt the adder!
You kill the adder!
You barely miss the adder.
The adder is lightly wounded.
You hit the bullfrog. The bullfrog closely misses you.
The adder barely misses you. The adder closely misses you.
The ball python bites you. The ball python barely misses you.
The bullfrog hits you.
You barely miss the bullfrog.
The bullfrog is lightly wounded.
You hit the adder. x2; You barely miss the ball python.
The adder bites you.
You are poisoned.
The adder poisons you! The adder barely misses you. The bullfrog hits you!
The ball python bites you but does no damage.
The ball python closely misses you.
You slash the adder!
You kill the adder!
You barely miss the bullfrog. You closely miss the adder.
You hit the ball python.
You kill the ball python!
You feel sick. The bullfrog hits you! The adder bites you.
The bullfrog hits you! The bullfrog barely misses you. The adder bites you.
* * * LOW HITPOINT WARNING * * *
You feel yourself speed up.
You feel sick. The bullfrog hits you.
* * * LOW HITPOINT WARNING * * *
The bullfrog hits you.
* * * LOW HITPOINT WARNING * * *
The adder bites you.
* * * LOW HITPOINT WARNING * * *
The bullfrog hits you.
You die...

#......
#.....
#.....##
##.~.~
#≈S~#~≈#
#~†≈≈≈
#~≈~~≈≈#
#≈~~≈≈
#≈≈~~≈≈#
#≈~≈≈≈
#≈~~~≈≈#
#~~~~~
#≈#S~≈≈#
#≈≈~~~
#SF#≈≈≈#
#≈≈~~~
#~@FS≈≈#
#≈≈≈≈~
#≈S~≈≈≈#
#≈~~~.
#≈~≈~≈≈#
#≈.[(.
#≈≈~~≈≈#
#≈..~.
#≈≈~≈~≈#
#~~~~≈
#≈≈~~~≈#
#~≈~≈≈
#≈≈~~~≈#
#~~†≈~
#~≈≈~~≈#
#≈≈~~≈
#~≈~~~~#####
#≈≈≈~~


You could see 2 bullfrogs, 2 adders and 2 ball pythons.

Vanquished Creatures
  8 adders
  4 river rats (Sewer)
  4 worms
  A dart slug (D:1)
  5 endoplasms
  5 giant cockroaches
  4 goblins
  5 hobgoblins
  7 jackals
  2 kobolds (D:1)
  8 quokkas
  15 ball pythons
  A bat (D:2)
  4 frilled lizards
  24 rats
97 creatures vanquished.

Notes
Turn   | Place    | Note
-------+----------+-------------------------------------------
     0 | D:1      | destino the Minotaur Monk began the quest for the Orb.
     0 | D:1      | Reached XP level 1. HP: 19/19 MP: 0/0
   167 | D:1      | You fall into a shaft and drop 1 floor!
   284 | D:2      | Reached XP level 2. HP: 19/27 MP: 1/1
   333 | D:2      | Reached skill level 4 in Axes
   582 | D:1      | Reached skill level 1 in Armour
   684 | D:1      | Reached XP level 3. HP: 33/33 MP: 2/2
  1074 | D:2      | Found a faded altar of an unknown god.
  1123 | D:2      | Prayed at the altar of an unknown god.
  1123 | D:2      | Became a worshipper of Elyvilon the Healer
  1123 | D:2      | Reached * piety under Elyvilon
  1123 | D:2      | Reached ** piety under Elyvilon
  1503 | D:3      | Reached XP level 4. HP: 40/40 MP: 3/3
  1538 | D:3      | Found Wiriot's Weapon Boutique.
  1589 | D:3      | Reached *** piety under Elyvilon
  1686 | D:3      | Found a glowing drain.
  1705 | Sewer    | Entered a sewer
  1765 | Sewer    | Reached skill level 5 in Axes
  1828 | Sewer    | Reached XP level 5. HP: 41/47 MP: 4/4
  2044 | Sewer    | HP: 2/47 [adder (1)]
  2044 | Sewer    | Slain by a bullfrog

Illustrated notes

Levels and vault maps discovered:
D:1:      tarquinn_simple_flora_water_d, layout_loops_ring
D:2:      layout_basic, serial_co_window_serial, co_window_paths_a,
          co_window_of_opportunity_a, co_window_paths_b, co_window_cross_1,
          co_window_of_opportunity_a, co_window_corner_b,
          co_window_unsneaky_path_a, co_window_2corner, co_window_sun,
          co_window_4corner_a, nicolae_ecumenical_lake_church, dk_noncrumbling_4
D:3:      layout_loops_ring, serial_shops, nicolae_shop_bloodbath_and_beyond,
          gup_sewer_entry_pipe, minmay_cut_off
Sewer:    sewer_minmay_w

Skill      XL: |  1  2  3  4 |
---------------+-------------+-----
Axes           | 4 5 |  5.6
Armour         | 1 2 |  2.5
Fighting       | 4 |  4.7
Dodging        | 4 |  4.2

Action                     |  1- 3 |  4- 6 || total
---------------------------+-------+-------++-------
  Melee: Hand axe          |    71 |    90 ||   161
         Headbutt          |    14 |    13 ||    27
    Use: Scroll            |     2 |       ||     2
         Potion            |       |     1 ||     1
 Armour: Robe              |     6 |    12 ||    18
  Dodge: Dodged            |    42 |    74 ||   116
